AoeStats
← stinkelton7

Arena

510613956Analyzed
2v2 RM · 1d ago on Oct 1, 2026· 138m 26s· 4 players
Game mode
Random Map
Map size
Medium (4 player)
Population
200
Speed
Normal
Resources
Standard
Victory
Conquest
Starting age
Dark Age
Ending age
Imperial Age
RankedLock teamsTeams togetherTeam positionsShared explorationLock speedFull tech treeHidden civsTurbo modeCheats
Victory
Defeat
🇨🇿 Huns · Czechia
642
+16
🇩🇪 Varangians · Germany
624
+17
🇧🇾 Vikings · Belarus
656
-17
🇷🇺 Franks · Russia
628
-16
stinkelton7
5:17 Loom
12:25 Feudal Age
16:05 Castle Age
16:19 Double-Bit Axe
16:19 Horse Collar
18:41 Wheelbarrow
17:54 Town Watch
17:43 Pikeman
21:35 Heavy Plow
29:30 Squires
29:18 Arson
32:50 Imperial Age
31:05 Scale Barding Armor
31:03 Scale Mail Armor
31:13 Forging
33:13 Halberdier
34:28 Siege Engineers
35:11 Chain Mail Armor
35:34 Iron Casting
36:08 Conscription
36:13 Murder Holes
37:56 Gambesons
39:57 Elite Varangian Guard
42:17 Gothikon
44:02 Caravan
44:35 Chain Mail Armor
46:05 Blast Furnace
47:47 Bloodlines
47:38 Husbandry
47:47 Scale Barding Armor
54:08 Chemistry
53:19 Fortified Wall
53:32 Ballistics
53:00 Elite Jarl
99:03 Capped Ram
102:13 Hand Cart
104:00 Onager
117:49 Light Cavalry
119:58 Hussar
123:15 Chain Barding Armor
123:28 Plate Mail Armor
129:11 Spies/Treason
Ivan
3:11 Loom
11:52 Feudal Age
12:56 Horse Collar
13:04 Double-Bit Axe
13:13 Stone Mining
13:17 Gold Mining
15:51 Wheelbarrow
20:13 Town Watch
22:38 Castle Age
22:59 Bloodlines
23:54 Thumb Ring
24:02 Husbandry
24:38 Scale Barding Armor
24:50 Heavy Plow
27:10 Bow Saw
29:23 Padded Archer Armor
29:44 Chain Barding Armor
29:37 Fletching
33:22 Hand Cart
34:21 Ballistics
37:35 Imperial Age
35:51 Gold Shaft Mining
37:17 Leather Archer Armor
36:58 Bodkin Arrow
37:13 Forging
38:35 Bracer
39:11 Plate Barding Armor
38:41 Town Patrol
40:05 Chemistry
39:48 Parthian Tactics
38:46 Heavy Cavalry Archer
41:35 Conscription
41:18 Marauders
44:55 Atheism
46:08 Elite Tarkan
48:08 Two-Man Saw
52:35 Iron Casting
52:28 Parthian Tactics
57:20 Squires
56:41 Man-at-Arms
56:49 Pikeman
58:52 Murder Holes
59:11 Masonry
59:27 Halberdier
60:19 Scale Mail Armor
136:41 Spies/Treason
netboks
10:01 Feudal Age
21:01 Castle Age
19:23 Gold Mining
20:00 Double-Bit Axe
32:34 Imperial Age
29:49 Pikeman
33:07 Forging
37:14 Fortified Wall
37:40 Bow Saw
38:45 Iron Casting
43:23 Two-Man Saw
43:15 Conscription
43:42 Onager
44:08 Cavalier
45:26 Masonry
51:00 Blast Furnace
49:39 Light Cavalry
51:15 Padded Archer Armor
51:37 Horse Collar
53:47 Scale Mail Armor
53:53 Scale Barding Armor
55:07 Leather Archer Armor
55:46 Chain Mail Armor
56:32 Squires
56:18 Arson
67:01 Heavy Plow
92:48 Capped Ram
xLEOx
13:31 Feudal Age
18:22 Castle Age
17:37 Double-Bit Axe
22:28 Bow Saw
22:11 Gold Mining
22:14 Stone Mining
25:20 Gold Shaft Mining
27:40 Ballistics
28:45 Fortified Wall
32:41 Imperial Age
31:24 Wheelbarrow
31:40 Padded Archer Armor
31:30 Fletching
33:18 Hand Cart
33:27 Hand Cart
34:22 Chemistry
34:20 Conscription
35:06 Bodkin Arrow
35:27 Leather Archer Armor
35:34 Elite Throwing Axeman
39:36 Scale Barding Armor
39:41 Forging
39:37 Husbandry
42:09 Siege Engineers
41:59 Murder Holes
41:44 Treadmill Crane
42:15 Masonry
41:38 Cavalier
45:00 Paladin
47:19 Chain Barding Armor
47:35 Iron Casting
50:32 Plate Barding Armor
50:58 Blast Furnace
52:14 Hoardings
52:14 Architecture
51:35 Guard Tower
51:30 Arrowslits
75:14 Pikeman
75:55 Squires
75:40 Arson
75:19 Elite Skirmisher
91:13 Scale Mail Armor
97:26 Chain Mail Armor
101:52 Plate Mail Armor
105:33 Halberdier
105:53 Light Cavalry
Connection lost

Rejoining the realm…

Still unreachable

The connection could not be restored.

Session expired

The server has moved on; the page needs a fresh start.